[ AOE2 MATCH · #472621511 ]
UnrankedPersians vs Khmer
[ REPLAY ANALYSIS · EXTRACTED FROM THE RECORDED GAME ]
Feudal
11:10
Castle
16:20
Imperial
32:20
| APM avg | 27.6 |
| APM peak | 59 |
| eAPM avg | 13.2 |
| Villagers / military | 117 / 202 |
Focus
⚔️ 26.7% · 🌾 73.3%
Knight ×142 · Camel Scout ×58 · Trade Cart ×10 · Trebuchet (Packed) ×2
Feudal
10:57
Castle
13:47
Imperial
26:17
| APM avg | 16.6 |
| APM peak | 68 |
| eAPM avg | 12.8 |
| Villagers / military | 148 / 11 |
Focus
⚔️ 20.0% · 🌾 80.0%
Mangonel ×5 · Scorpion ×2 · Ballista Elephant ×2 · Trebuchet (Packed) ×2
Feudal
10:56
Castle
17:14
Imperial
43:32
| APM avg | 19.9 |
| APM peak | 40 |
| eAPM avg | 13.7 |
| Villagers / military | 167 / 146 |
Focus
⚔️ 33.3% · 🌾 66.7%
Spearman ×71 · Archer ×45 · Gbeto ×23 · Militia ×6 · Mangonel ×1
Feudal
11:18
Castle
15:13
Imperial
30:31
| APM avg | 39.1 |
| APM peak | 89 |
| eAPM avg | 25.7 |
| Villagers / military | 151 / 622 |
Focus
⚔️ 41.0% · 🌾 59.0%
Magyar Huszar ×509 · Cavalry Archer ×97 · Trebuchet (Packed) ×12 · Monk ×4
Feudal
11:16
Castle
15:36
Imperial
29:16
| APM avg | 36.2 |
| APM peak | 71 |
| eAPM avg | 24.7 |
| Villagers / military | 153 / 307 |
Focus
⚔️ 43.0% · 🌾 57.0%
Camel Scout ×138 · Scout Cavalry ×81 · Chakram Thrower ×55 · Skirmisher ×19 · Monk ×5 · Trebuchet (Packed) ×5
Feudal
11:24
Castle
14:56
Imperial
32:17
| APM avg | 34.8 |
| APM peak | 99 |
| eAPM avg | 19.2 |
| Villagers / military | 148 / 203 |
Focus
⚔️ 36.6% · 🌾 63.4%
Spearman ×107 · Bombard Cannon ×36 · Hussite Wagon ×33 · Monk ×18 · Petard ×4 · Battering Ram ×3
Feudal
12:12
Castle
28:24
Imperial
47:24
| APM avg | 26.9 |
| APM peak | 137 |
| eAPM avg | 16.2 |
| Villagers / military | 214 / 138 |
Focus
⚔️ 24.8% · 🌾 75.2%
Mangonel ×41 · Scorpion ×34 · Battering Ram ×33 · Militia ×16 · Spearman ×14
Feudal
11:46
Castle
15:30
Imperial
31:05
| APM avg | 16.4 |
| APM peak | 39 |
| eAPM avg | 12.8 |
| Villagers / military | 125 / 331 |
Focus
⚔️ 40.7% · 🌾 59.3%
Spearman ×214 · Elephant Archer ×80 · Trade Cart ×25 · Urumi Swordsman ×25 · Trebuchet (Packed) ×11 · Monk ×1
Match map
Initial resources + every placement click. Lines = walls · curves = elevation contours. ◆ gold · ⬟ stone · ● berries · ✦ relic · ◌ wall gap
Your base· ✓ Closed at 16:20 · 0t walls · 2 gate(s)
MCLovin's base· ✓ Closed at 13:47 · 0t walls · 2 gate(s)
PJtheDcoy's base· ✓ Closed at 17:14 · 0t walls · 2 gate(s)
El Chico De Las Poesías's base· ✓ Closed at 15:13 · 0t walls · 2 gate(s)
BP | Juego Con Lag's base· ✓ Closed at 15:36 · 0t walls · 3 gate(s)
Quando's base· ✓ Closed at 14:56 · 0t walls · 3 gate(s)
Exellence's base· ✓ Closed at 28:24 · 0t walls · 3 gate(s)
Relief's base· ✓ Closed at 15:30 · 0t walls · 3 gate(s)
Smoothed initial terrain · ◌ = detected wall gap · hover for details
Inputs per minute
— Fr4ggi - - MCLovin
Build order — Fr4ggi
First 150 of 376 actions detected
| 0:01 | Queue | Villager (Male) |
| 0:05 | Build | House |
| 0:09 | Build | House |
| 0:36 | Queue | Villager (Male) |
| 0:36 | Queue | Villager (Male) |
| 1:07 | Queue | Villager (Male) |
| 1:07 | Queue | Villager (Male) |
| 1:33 | Queue | Villager (Male) |
| 1:51 | Build | Lumber Camp |
| 2:10 | Queue | Villager (Male) |
| 2:33 | Queue | Villager (Male) |
| 3:09 | Queue | Villager (Male) |
| 3:18 | Queue | Villager (Male) |
| 3:37 | Build | House |
| 3:54 | Queue | Villager (Male) |
| 4:15 | Queue | Villager (Male) |
| 4:24 | Queue | Villager (Male) |
| 4:30 | Build | Mill |
| 4:53 | Build | House |
| 5:55 | Queue | Villager (Male) |
| 5:55 | Queue | Villager (Male) |
| 6:32 | Queue | Villager (Male) |
| 6:49 | Queue | Villager (Male) |
| 7:21 | Queue | Villager (Male) |
| 7:26 | Build | Farm |
| 7:40 | Queue | Villager (Male) |
| 8:01 | Build | Farm |
| 8:14 | Queue | Villager (Male) |
| 8:22 | Queue | Villager (Male) |
| 8:23 | Research | Feudal Age |
| 8:42 | Build | Farm |
| 8:50 | Build | Mining Camp |
| 9:15 | Build | House |
| 9:25 | Build | Barracks |
| 9:27 | Queue | Villager (Male) |
| 9:37 | Build | Farm |
| 11:10 | Age | Feudal Age |
| 11:20 | Build | Stable |
| 11:23 | Queue | Villager (Male) |
| 11:38 | Queue | Villager (Male) |
| 12:01 | Build | House |
| 12:18 | Build | Mill |
| 12:56 | Queue | Villager (Male) |
| 13:11 | Build | Blacksmith |
| 13:28 | Queue | Villager (Male) |
| 13:55 | Research | Castle Age |
| 14:13 | Build | Lumber Camp |
| 14:46 | Build | Farm |
| 14:46 | Build | Farm |
| 14:47 | Build | Farm |
| 14:48 | Build | Farm |
| 14:51 | Queue | Villager (Male) |
| 15:06 | Research | Bloodlines |
| 15:14 | Research | Scale Barding Armor |
| 15:15 | Research | Forging |
| 15:23 | Research | Double-Bit Axe |
| 15:25 | Research | Horse Collar |
| 15:45 | Queue | Villager (Male) |
| 15:50 | Build | Farm |
| 16:11 | Build | House |
| 16:19 | Build | House |
| 16:20 | Age | Castle Age |
| 16:28 | Queue | Knight |
| 16:51 | Build | Farm |
| 16:53 | Queue | Villager (Male) |
| 17:02 | Research | Wheelbarrow |
| 17:04 | Queue | Knight |
| 17:49 | Build | Town Center |
| 17:51 | Queue | Villager (Male) |
| 18:06 | Queue | Knight |
| 18:34 | Build | Farm |
| 18:35 | Build | Farm |
| 18:39 | Build | House |
| 18:41 | Build | House |
| 18:43 | Queue | Villager (Male) |
| 18:52 | Research | Bow Saw |
| 19:04 | Build | Farm |
| 19:07 | Queue | Villager (Male) |
| 19:11 | Queue | Villager (Male) |
| 19:16 | Queue | Villager (Male) |
| 19:21 | Build | Farm |
| 19:22 | Queue | Villager (Male) |
| 19:34 | Queue | Knight |
| 19:55 | Research | Gold Mining |
| 19:57 | Queue | Villager (Male) |
| 20:36 | Build | House |
| 20:37 | Build | House |
| 20:40 | Queue | Villager (Male) |
| 20:40 | Queue | Villager (Male) |
| 20:49 | Build | Town Center |
| 20:55 | Queue | Knight |
| 20:56 | Research | Husbandry |
| 21:15 | Queue | Villager (Male) |
| 21:23 | Build | Farm |
| 21:25 | Build | Farm |
| 21:52 | Queue | Knight |
| 22:01 | Build | Farm |
| 22:02 | Build | Farm |
| 22:03 | Queue | Villager (Male) |
| 22:03 | Queue | Villager (Male) |
| 22:04 | Queue | Villager (Male) |
| 22:06 | Queue | Villager (Male) |
| 22:06 | Queue | Villager (Male) |
| 22:12 | Build | Farm |
| 22:23 | Queue | Knight |
| 22:39 | Build | Mining Camp |
| 22:41 | Queue | Villager (Male) |
| 22:42 | Queue | Villager (Male) |
| 22:42 | Queue | Villager (Male) |
| 22:49 | Build | Farm |
| 22:50 | Build | Farm |
| 22:52 | Build | Farm |
| 22:59 | Queue | Knight |
| 23:09 | Build | Farm |
| 23:12 | Build | Farm |
| 23:14 | Queue | Villager (Male) |
| 23:14 | Queue | Villager (Male) |
| 23:27 | Build | Farm |
| 23:28 | Queue | Villager (Male) |
| 23:36 | Queue | Villager (Male) |
| 23:38 | Queue | Villager (Male) |
| 23:45 | Queue | Knight |
| 23:51 | Build | Farm |
| 23:57 | Build | Farm |
| 24:00 | Build | Farm |
| 24:02 | Queue | Villager (Male) |
| 24:08 | Build | Farm |
| 24:10 | Build | Farm |
| 24:15 | Research | Hand Cart |
| 24:25 | Queue | Villager (Male) |
| 24:26 | Queue | Villager (Male) |
| 24:32 | Build | Farm |
| 24:36 | Build | Farm |
| 24:47 | Queue | Knight |
| 24:55 | Build | House |
| 24:57 | Build | House |
| 25:46 | Queue | Knight |
| 25:46 | Queue | Knight |
| 26:18 | Queue | Villager (Male) |
| 26:18 | Queue | Villager (Male) |
| 26:18 | Queue | Villager (Male) |
| 26:18 | Queue | Villager (Male) |
| 26:20 | Queue | Villager (Male) |
| 26:21 | Queue | Villager (Male) |
| 26:21 | Queue | Villager (Male) |
| 26:21 | Queue | Villager (Male) |
| 26:23 | Queue | Villager (Male) |
| 26:23 | Queue | Villager (Male) |
| 26:26 | Research | Stone Mining |
| 26:44 | Build | House |
Build order — MCLovin
First 150 of 256 actions detected
| 0:01 | Queue | Villager (Male) |
| 0:01 | Queue | Villager (Male) |
| 0:01 | Queue | Villager (Male) |
| 0:02 | Queue | Villager (Male) |
| 0:02 | Queue | Villager (Male) |
| 0:04 | Build | House |
| 0:06 | Build | House |
| 1:25 | Queue | Villager (Male) |
| 1:25 | Queue | Villager (Male) |
| 1:47 | Build | Lumber Camp |
| 1:54 | Queue | Villager (Male) |
| 1:54 | Queue | Villager (Male) |
| 2:06 | Queue | Villager (Male) |
| 2:06 | Queue | Villager (Male) |
| 2:32 | Queue | Villager (Male) |
| 2:32 | Queue | Villager (Male) |
| 3:06 | Queue | Villager (Male) |
| 3:06 | Queue | Villager (Male) |
| 3:26 | Build | House |
| 3:38 | Queue | Villager (Male) |
| 3:39 | Queue | Villager (Male) |
| 4:12 | Queue | Villager (Male) |
| 4:12 | Queue | Villager (Male) |
| 4:27 | Queue | Villager (Male) |
| 4:27 | Queue | Villager (Male) |
| 4:45 | Build | Mill |
| 4:48 | Queue | Villager (Male) |
| 4:49 | Queue | Villager (Male) |
| 5:10 | Queue | Villager (Male) |
| 5:10 | Queue | Villager (Male) |
| 5:43 | Queue | Villager (Male) |
| 5:43 | Queue | Villager (Male) |
| 5:43 | Queue | Villager (Male) |
| 5:56 | Build | House |
| 6:23 | Queue | Villager (Male) |
| 6:23 | Queue | Villager (Male) |
| 6:23 | Queue | Villager (Male) |
| 6:27 | Build | Mill |
| 6:56 | Queue | Villager (Male) |
| 6:59 | Queue | Villager (Male) |
| 7:19 | Build | Farm |
| 7:25 | Build | Farm |
| 7:30 | Build | Farm |
| 7:38 | Queue | Villager (Male) |
| 8:02 | Build | Mining Camp |
| 8:34 | Research | Feudal Age |
| 10:57 | Age | Feudal Age |
| 11:07 | Research | Castle Age |
| 11:15 | Build | Mining Camp |
| 11:45 | Research | Double-Bit Axe |
| 11:48 | Research | Horse Collar |
| 13:46 | Queue | Villager (Male) |
| 13:47 | Age | Castle Age |
| 13:49 | Research | Bow Saw |
| 13:51 | Build | House |
| 13:55 | Research | Loom |
| 13:58 | Queue | Villager (Male) |
| 14:20 | Queue | Villager (Male) |
| 14:50 | Build | Castle |
| 14:59 | Queue | Villager (Male) |
| 15:03 | Build | House |
| 15:13 | Queue | Villager (Male) |
| 15:35 | Build | Castle |
| 15:44 | Queue | Villager (Male) |
| 16:01 | Build | Siege Workshop |
| 16:15 | Queue | Villager (Male) |
| 16:24 | Queue | Villager (Male) |
| 16:41 | Queue | Villager (Male) |
| 16:56 | Build | Market |
| 16:59 | Queue | Villager (Male) |
| 16:59 | Queue | Villager (Male) |
| 17:05 | Build | Stone Wall |
| 17:07 | Build | Stone Wall |
| 17:10 | Build | Stone Wall |
| 17:12 | Build | Stone Wall |
| 17:16 | Build | Stone Wall |
| 17:44 | Build | Farm |
| 18:02 | Queue | Villager (Male) |
| 18:08 | Build | Farm |
| 18:24 | Queue | Villager (Male) |
| 18:35 | Build | Farm |
| 18:49 | Build | Farm |
| 18:53 | Build | Farm |
| 19:03 | Build | Farm |
| 19:21 | Build | Stone Wall |
| 19:21 | Build | Stone Wall |
| 19:22 | Build | Stone Wall |
| 19:27 | Queue | Villager (Male) |
| 19:32 | Build | Farm |
| 19:40 | Build | Farm |
| 19:42 | Queue | Villager (Male) |
| 19:55 | Queue | Villager (Male) |
| 19:58 | Build | Farm |
| 20:09 | Research | Caravan |
| 20:16 | Build | Mining Camp |
| 20:27 | Queue | Mangonel |
| 20:48 | Queue | Mangonel |
| 20:53 | Queue | Villager (Male) |
| 21:42 | Queue | Mangonel |
| 21:52 | Queue | Villager (Male) |
| 21:52 | Queue | Villager (Male) |
| 22:15 | Queue | Villager (Male) |
| 22:59 | Research | Imperial Age |
| 23:37 | Queue | Scorpion |
| 23:44 | Queue | Ballista Elephant |
| 24:07 | Queue | Scorpion |
| 24:10 | Queue | Ballista Elephant |
| 24:22 | Build | Town Center |
| 24:47 | Build | House |
| 24:53 | Build | House |
| 26:07 | Queue | Mangonel |
| 26:12 | Queue | Villager (Male) |
| 26:12 | Queue | Villager (Male) |
| 26:17 | Age | Imperial Age |
| 26:28 | Queue | Mangonel |
| 26:32 | Queue | Trebuchet (Packed) |
| 26:32 | Queue | Trebuchet (Packed) |
| 26:38 | Queue | Villager (Male) |
| 26:38 | Queue | Villager (Male) |
| 26:38 | Queue | Villager (Male) |
| 27:47 | Queue | Villager (Male) ×5 |
| 27:56 | Build | Lumber Camp |
| 30:17 | Queue | Villager (Male) ×3 |
| 30:59 | Queue | Villager (Male) |
| 31:00 | Queue | Villager (Male) |
| 31:00 | Queue | Villager (Male) |
| 31:00 | Queue | Villager (Male) |
| 31:00 | Queue | Villager (Male) |
| 34:17 | Build | Town Center |
| 35:44 | Build | Palisade Wall |
| 36:11 | Queue | Villager (Male) |
| 36:11 | Queue | Villager (Male) |
| 36:11 | Queue | Villager (Male) |
| 36:19 | Build | Town Center |
| 37:09 | Build | Farm |
| 37:09 | Build | Farm |
| 37:17 | Build | Farm |
| 38:41 | Queue | Villager (Male) |
| 38:51 | Build | Farm |
| 39:26 | Queue | Villager (Male) |
| 39:26 | Queue | Villager (Male) |
| 39:27 | Queue | Villager (Male) |
| 39:35 | Build | Farm |
| 39:46 | Queue | Villager (Male) |
| 39:47 | Queue | Villager (Male) |
| 40:11 | Build | Farm |
| 40:16 | Queue | Villager (Male) |
| 40:16 | Queue | Villager (Male) |
| 40:24 | Queue | Villager (Male) |
| 40:25 | Queue | Villager (Male) |
Build order — PJtheDcoy
First 150 of 351 actions detected
| 0:00 | Queue | Villager (Male) |
| 0:01 | Queue | Villager (Male) |
| 0:01 | Queue | Villager (Male) |
| 0:02 | Queue | Villager (Male) |
| 0:03 | Build | House |
| 0:04 | Build | House |
| 1:33 | Queue | Villager (Male) |
| 1:52 | Queue | Villager (Male) |
| 2:01 | Build | Lumber Camp |
| 2:23 | Queue | Villager (Male) |
| 2:54 | Queue | Villager (Male) |
| 3:06 | Queue | Villager (Male) |
| 3:25 | Build | House |
| 3:40 | Queue | Villager (Male) |
| 4:05 | Queue | Villager (Male) |
| 4:35 | Queue | Villager (Male) |
| 4:35 | Queue | Villager (Male) |
| 4:54 | Build | House |
| 5:04 | Build | Mill |
| 5:08 | Queue | Villager (Male) |
| 5:08 | Queue | Villager (Male) |
| 5:45 | Queue | Villager (Male) |
| 5:49 | Queue | Villager (Male) |
| 6:46 | Queue | Villager (Male) |
| 7:22 | Queue | Villager (Male) |
| 7:24 | Research | Loom |
| 7:30 | Queue | Villager (Male) |
| 7:30 | Research | Loom |
| 7:35 | Build | Mining Camp |
| 8:18 | Research | Feudal Age |
| 8:23 | Build | House |
| 8:24 | Build | Barracks |
| 9:37 | Queue | Villager (Male) |
| 9:37 | Queue | Villager (Male) |
| 9:49 | Build | House |
| 9:50 | Build | House |
| 9:53 | Build | House |
| 10:56 | Age | Feudal Age |
| 10:58 | Build | Archery Range |
| 11:23 | Build | Blacksmith |
| 11:45 | Queue | Villager (Male) |
| 11:51 | Queue | Archer |
| 11:51 | Queue | Archer |
| 12:18 | Research | Fletching |
| 12:32 | Build | Archery Range |
| 12:52 | Queue | Villager (Male) |
| 12:52 | Queue | Villager (Male) |
| 12:54 | Queue | Archer |
| 12:56 | Queue | Archer |
| 13:08 | Build | Outpost |
| 13:09 | Build | Outpost |
| 13:44 | Queue | Villager (Male) |
| 13:44 | Queue | Villager (Male) |
| 14:15 | Build | Mining Camp |
| 14:19 | Research | Castle Age |
| 14:42 | Build | Outpost |
| 14:50 | Research | Stone Mining |
| 15:22 | Research | Horse Collar |
| 15:44 | Queue | Archer |
| 15:44 | Queue | Archer |
| 15:44 | Queue | Archer |
| 15:45 | Queue | Archer |
| 15:49 | Build | Farm |
| 15:49 | Build | Farm |
| 15:49 | Build | Farm |
| 15:50 | Build | Farm |
| 15:50 | Build | Farm |
| 15:50 | Build | Farm |
| 16:14 | Build | Farm |
| 16:15 | Build | Farm |
| 17:08 | Research | Gold Mining |
| 17:14 | Age | Castle Age |
| 17:15 | Queue | Villager (Male) |
| 17:15 | Queue | Villager (Male) |
| 17:24 | Queue | Archer |
| 17:25 | Queue | Archer |
| 17:35 | Queue | Spearman |
| 17:38 | Queue | Spearman |
| 17:54 | Build | Siege Workshop |
| 18:01 | Queue | Villager (Male) |
| 18:07 | Build | Farm |
| 18:09 | Build | House |
| 18:15 | Build | House |
| 18:19 | Build | House |
| 18:25 | Queue | Villager (Male) |
| 18:29 | Research | Gold Mining |
| 18:35 | Queue | Villager (Male) |
| 18:42 | Queue | Archer |
| 18:42 | Queue | Archer |
| 19:20 | Queue | Mangonel |
| 19:35 | Research | Crossbowman (upgrade) |
| 20:34 | Build | Stone Wall |
| 21:35 | Build | Gate |
| 21:59 | Research | Wheelbarrow |
| 22:03 | Build | Farm |
| 22:04 | Build | Farm |
| 22:07 | Queue | Villager (Male) |
| 22:07 | Queue | Villager (Male) |
| 22:09 | Queue | Archer |
| 22:10 | Queue | Archer |
| 22:10 | Queue | Archer |
| 22:10 | Queue | Archer |
| 22:40 | Queue | Villager (Male) |
| 22:41 | Queue | Villager (Male) |
| 22:45 | Research | Scale Mail Armor |
| 22:54 | Queue | Villager (Male) |
| 23:06 | Build | Town Center |
| 23:21 | Build | Castle |
| 23:33 | Research | Forging |
| 23:38 | Build | Farm |
| 23:39 | Build | Farm |
| 23:42 | Build | Farm |
| 23:47 | Build | Farm |
| 23:49 | Build | Farm |
| 23:53 | Build | Farm |
| 23:54 | Build | Farm |
| 23:58 | Queue | Villager (Male) |
| 24:18 | Build | House |
| 24:19 | Build | House |
| 24:42 | Research | Bodkin Arrow |
| 25:02 | Queue | Gbeto |
| 25:02 | Queue | Gbeto |
| 25:13 | Build | Mining Camp |
| 25:14 | Queue | Villager (Male) |
| 25:42 | Queue | Gbeto |
| 25:43 | Queue | Gbeto |
| 25:49 | Research | Squires |
| 26:01 | Build | Farm |
| 26:02 | Build | Farm |
| 26:05 | Build | Farm |
| 26:06 | Build | Farm |
| 26:11 | Queue | Villager (Male) ×3 |
| 26:48 | Build | University |
| 26:49 | Build | House |
| 26:50 | Build | House |
| 27:13 | Queue | Villager (Male) ×5 |
| 27:13 | Queue | Villager (Male) |
| 27:20 | Research | Arson |
| 27:22 | Queue | Gbeto |
| 27:23 | Queue | Gbeto |
| 27:43 | Queue | Gbeto |
| 27:44 | Queue | Gbeto |
| 28:20 | Queue | Villager (Male) ×5 |
| 28:20 | Queue | Villager (Male) |
| 29:16 | Research | Double-Bit Axe |
| 29:44 | Queue | Gbeto ×5 |
| 30:48 | Queue | Gbeto ×5 |
| 31:02 | Research | Ballistics |
| 31:04 | Research | Padded Archer Armor |
| 31:10 | Queue | Archer ×5 |
Build order — El Chico De Las Poesías
First 150 of 662 actions detected
| 0:03 | Queue | Villager (Male) |
| 0:03 | Queue | Villager (Male) |
| 0:04 | Build | House |
| 0:05 | Build | House |
| 0:31 | Queue | Villager (Male) |
| 0:31 | Queue | Villager (Male) |
| 1:25 | Queue | Villager (Male) |
| 1:25 | Queue | Villager (Male) |
| 1:54 | Queue | Villager (Male) |
| 1:54 | Queue | Villager (Male) |
| 2:22 | Queue | Villager (Male) |
| 2:22 | Queue | Villager (Male) |
| 2:26 | Build | Lumber Camp |
| 2:48 | Queue | Villager (Male) |
| 2:48 | Queue | Villager (Male) |
| 3:06 | Queue | Villager (Male) |
| 3:06 | Queue | Villager (Male) |
| 3:46 | Queue | Villager (Male) |
| 3:55 | Build | House |
| 3:56 | Build | House |
| 4:12 | Queue | Villager (Male) |
| 4:12 | Queue | Villager (Male) |
| 5:01 | Build | House |
| 5:20 | Queue | Villager (Male) |
| 5:20 | Queue | Villager (Male) |
| 5:21 | Queue | Villager (Male) |
| 5:21 | Queue | Villager (Male) |
| 5:49 | Build | Mill |
| 6:19 | Queue | Villager (Male) |
| 6:20 | Queue | Villager (Male) |
| 6:56 | Queue | Villager (Male) |
| 7:06 | Build | Farm |
| 7:30 | Build | Farm |
| 7:53 | Queue | Villager (Male) |
| 7:54 | Queue | Villager (Male) |
| 7:54 | Queue | Villager (Male) |
| 8:27 | Build | Mining Camp |
| 8:46 | Research | Feudal Age |
| 9:24 | Queue | Villager (Male) |
| 9:24 | Queue | Villager (Male) |
| 10:45 | Queue | Villager (Male) |
| 11:18 | Age | Feudal Age |
| 11:22 | Build | Market |
| 11:23 | Build | Blacksmith |
| 12:10 | Queue | Villager (Male) |
| 12:25 | Build | Lumber Camp |
| 12:31 | Research | Castle Age |
| 12:31 | Research | Castle Age |
| 12:35 | Research | Double-Bit Axe |
| 12:58 | Research | Horse Collar |
| 13:10 | Build | Farm |
| 14:30 | Queue | Villager (Male) |
| 14:31 | Queue | Villager (Male) |
| 14:37 | Build | House |
| 15:13 | Age | Castle Age |
| 15:16 | Build | Town Center |
| 15:25 | Build | Town Center |
| 15:42 | Research | Bow Saw |
| 15:44 | Queue | Villager (Male) |
| 15:47 | Research | Heavy Plow |
| 15:50 | Build | Farm |
| 15:57 | Build | Farm |
| 16:04 | Build | Farm |
| 16:09 | Queue | Villager (Male) |
| 16:18 | Build | Farm |
| 16:23 | Build | Farm |
| 16:26 | Queue | Villager (Male) |
| 16:39 | Queue | Villager (Male) |
| 16:48 | Queue | Villager (Male) |
| 16:51 | Queue | Villager (Male) |
| 16:59 | Build | Farm |
| 17:01 | Build | Farm |
| 17:05 | Queue | Villager (Male) |
| 17:05 | Queue | Villager (Male) |
| 17:15 | Build | Farm |
| 17:15 | Queue | Villager (Male) |
| 17:26 | Queue | Villager (Male) |
| 17:26 | Queue | Villager (Male) |
| 17:36 | Build | House |
| 17:38 | Build | House |
| 17:42 | Build | House |
| 17:44 | Build | House |
| 17:48 | Queue | Villager (Male) |
| 17:48 | Queue | Villager (Male) |
| 17:51 | Build | Farm |
| 17:52 | Build | Farm |
| 17:59 | Build | Farm |
| 17:59 | Queue | Villager (Male) |
| 18:00 | Queue | Villager (Male) |
| 18:14 | Build | Farm |
| 18:16 | Build | Farm |
| 18:21 | Queue | Villager (Male) |
| 18:21 | Queue | Villager (Male) |
| 18:24 | Build | Farm |
| 18:30 | Queue | Villager (Male) |
| 18:30 | Queue | Villager (Male) |
| 18:40 | Build | Farm |
| 18:42 | Build | Farm |
| 18:46 | Queue | Villager (Male) |
| 18:46 | Queue | Villager (Male) |
| 18:49 | Build | Farm |
| 18:50 | Build | Farm |
| 18:58 | Queue | Villager (Male) |
| 18:58 | Queue | Villager (Male) |
| 19:01 | Queue | Villager (Male) |
| 19:01 | Queue | Villager (Male) |
| 19:02 | Queue | Villager (Male) |
| 19:09 | Build | Lumber Camp |
| 19:15 | Build | Farm |
| 19:18 | Queue | Villager (Male) |
| 19:26 | Build | House |
| 19:26 | Queue | Villager (Male) |
| 19:28 | Queue | Villager (Male) |
| 19:39 | Queue | Villager (Male) |
| 19:42 | Build | Farm |
| 19:44 | Build | Farm |
| 19:44 | Queue | Villager (Male) |
| 20:02 | Research | Wheelbarrow |
| 20:03 | Queue | Villager (Male) |
| 20:13 | Queue | Villager (Male) |
| 20:18 | Build | Mill |
| 20:19 | Build | Farm |
| 20:19 | Build | Farm |
| 20:20 | Build | Farm |
| 20:23 | Queue | Villager (Male) |
| 20:27 | Queue | Villager (Male) |
| 20:35 | Queue | Villager (Male) |
| 20:38 | Queue | Villager (Male) |
| 20:46 | Build | House |
| 20:47 | Build | House |
| 20:47 | Queue | Villager (Male) |
| 20:54 | Build | Farm |
| 20:56 | Build | Farm |
| 21:04 | Queue | Villager (Male) |
| 21:18 | Build | Town Center |
| 21:31 | Queue | Villager (Male) |
| 21:45 | Build | House |
| 21:47 | Build | Barracks |
| 21:47 | Queue | Villager (Male) |
| 21:52 | Build | House |
| 21:53 | Build | House |
| 21:54 | Queue | Villager (Male) |
| 21:58 | Build | Farm |
| 21:59 | Queue | Villager (Male) |
| 22:03 | Build | Farm |
| 22:03 | Queue | Villager (Male) |
| 22:05 | Queue | Villager (Male) |
| 22:15 | Queue | Villager (Male) |
| 22:20 | Research | Scale Barding Armor |
| 22:30 | Research | Hand Cart |
Build order — BP | Juego Con Lag
First 150 of 609 actions detected
| 0:03 | Build | House |
| 0:04 | Build | House |
| 0:13 | Queue | Villager (Male) |
| 0:13 | Queue | Villager (Male) |
| 0:14 | Queue | Villager (Male) |
| 0:14 | Queue | Villager (Male) |
| 0:39 | Build | Mill |
| 1:37 | Queue | Villager (Male) |
| 1:37 | Queue | Villager (Male) |
| 2:04 | Queue | Villager (Male) |
| 2:04 | Queue | Villager (Male) |
| 2:25 | Queue | Villager (Male) |
| 2:50 | Queue | Villager (Male) |
| 3:13 | Build | House |
| 3:14 | Build | House |
| 3:20 | Queue | Villager (Male) |
| 3:20 | Queue | Villager (Male) |
| 3:38 | Queue | Villager (Male) |
| 3:38 | Queue | Villager (Male) |
| 3:55 | Queue | Villager (Male) |
| 3:55 | Queue | Villager (Male) |
| 4:28 | Queue | Villager (Male) |
| 4:50 | Build | Lumber Camp |
| 4:58 | Queue | Villager (Male) |
| 4:58 | Queue | Villager (Male) |
| 4:58 | Queue | Villager (Male) |
| 5:25 | Queue | Villager (Male) |
| 5:25 | Queue | Villager (Male) |
| 5:53 | Queue | Villager (Male) |
| 5:53 | Queue | Villager (Male) |
| 5:53 | Queue | Villager (Male) |
| 6:11 | Queue | Villager (Male) |
| 6:11 | Queue | Villager (Male) |
| 6:32 | Build | House |
| 6:33 | Build | House |
| 6:40 | Queue | Villager (Male) |
| 6:41 | Queue | Villager (Male) |
| 6:59 | Build | Mill |
| 7:03 | Queue | Villager (Male) |
| 7:04 | Queue | Villager (Male) |
| 7:04 | Queue | Villager (Male) |
| 8:03 | Build | Farm |
| 8:04 | Build | Farm |
| 8:06 | Build | Farm |
| 8:07 | Build | Farm |
| 8:41 | Research | Loom |
| 8:45 | Build | Mining Camp |
| 8:53 | Research | Feudal Age |
| 9:58 | Build | House |
| 9:59 | Build | House |
| 10:14 | Queue | Villager (Male) |
| 10:14 | Queue | Villager (Male) |
| 10:14 | Queue | Villager (Male) |
| 10:14 | Queue | Villager (Male) |
| 11:16 | Age | Feudal Age |
| 11:24 | Build | Market |
| 11:39 | Build | Blacksmith |
| 12:38 | Research | Castle Age |
| 13:03 | Research | Double-Bit Axe |
| 13:36 | Build | Farm |
| 13:38 | Build | Farm |
| 14:55 | Research | Horse Collar |
| 14:58 | Research | Wheelbarrow |
| 15:36 | Age | Castle Age |
| 15:47 | Build | Town Center |
| 16:05 | Build | Town Center |
| 16:13 | Build | Town Center |
| 16:16 | Queue | Villager (Male) |
| 16:16 | Queue | Villager (Male) |
| 17:04 | Queue | Villager (Male) |
| 17:04 | Queue | Villager (Male) |
| 17:15 | Queue | Villager (Male) |
| 17:15 | Queue | Villager (Male) |
| 17:20 | Queue | Villager (Male) |
| 17:37 | Queue | Villager (Male) |
| 17:37 | Queue | Villager (Male) |
| 17:54 | Queue | Villager (Male) |
| 17:54 | Queue | Villager (Male) |
| 17:57 | Queue | Villager (Male) |
| 17:57 | Queue | Villager (Male) |
| 18:02 | Queue | Villager (Male) |
| 18:02 | Queue | Villager (Male) |
| 18:02 | Queue | Villager (Male) |
| 18:07 | Build | Monastery |
| 18:10 | Queue | Villager (Male) |
| 18:10 | Queue | Villager (Male) |
| 18:17 | Build | Farm |
| 18:27 | Build | Farm |
| 18:37 | Queue | Villager (Male) |
| 18:37 | Queue | Villager (Male) |
| 18:47 | Queue | Villager (Male) |
| 18:56 | Build | Farm |
| 18:57 | Build | Farm |
| 18:59 | Queue | Monk |
| 19:00 | Queue | Villager (Male) |
| 19:01 | Queue | Villager (Male) |
| 19:06 | Build | Farm |
| 19:07 | Build | Farm |
| 19:09 | Queue | Villager (Male) |
| 19:09 | Queue | Villager (Male) |
| 19:17 | Build | Farm |
| 19:28 | Build | Farm |
| 19:29 | Build | Farm |
| 19:30 | Queue | Villager (Male) |
| 19:30 | Queue | Villager (Male) |
| 19:31 | Queue | Villager (Male) |
| 19:33 | Build | Farm |
| 19:35 | Queue | Monk |
| 19:47 | Queue | Villager (Male) |
| 19:48 | Queue | Villager (Male) |
| 19:48 | Queue | Villager (Male) |
| 20:02 | Queue | Villager (Male) |
| 20:02 | Queue | Villager (Male) |
| 20:03 | Queue | Villager (Male) |
| 20:06 | Queue | Villager (Male) |
| 20:07 | Queue | Villager (Male) |
| 20:07 | Queue | Villager (Male) |
| 20:07 | Queue | Villager (Male) |
| 20:21 | Queue | Villager (Male) |
| 20:21 | Queue | Villager (Male) |
| 20:21 | Queue | Villager (Male) |
| 20:27 | Build | Farm |
| 20:28 | Build | Farm |
| 20:29 | Build | Farm |
| 20:31 | Build | Farm |
| 20:35 | Build | House |
| 20:36 | Build | House |
| 21:00 | Research | Town Watch |
| 21:06 | Build | Siege Workshop |
| 21:22 | Queue | Villager (Male) |
| 21:22 | Queue | Villager (Male) |
| 21:28 | Build | House |
| 21:30 | Build | House |
| 21:31 | Build | House |
| 21:32 | Build | House |
| 21:44 | Queue | Villager (Male) |
| 21:44 | Queue | Villager (Male) |
| 21:47 | Queue | Mangonel |
| 21:51 | Queue | Villager (Male) |
| 21:51 | Queue | Villager (Male) |
| 21:51 | Queue | Villager (Male) |
| 21:52 | Queue | Villager (Male) |
| 22:00 | Build | Farm |
| 22:01 | Build | Farm |
| 22:10 | Research | Gold Mining |
| 22:11 | Research | Stone Mining |
| 22:18 | Queue | Villager (Male) |
| 22:19 | Queue | Villager (Male) |
| 22:19 | Queue | Villager (Male) |
| 22:22 | Build | Farm |
Build order — Quando
First 150 of 421 actions detected
| 0:00 | Queue | Villager (Male) |
| 0:01 | Queue | Villager (Male) |
| 0:01 | Queue | Villager (Male) |
| 0:02 | Build | House |
| 0:03 | Build | House |
| 0:22 | Queue | Villager (Male) |
| 0:22 | Queue | Villager (Male) |
| 1:36 | Queue | Villager (Male) |
| 1:46 | Build | Lumber Camp |
| 1:48 | Queue | Villager (Male) |
| 2:26 | Queue | Villager (Male) |
| 2:52 | Queue | Villager (Male) |
| 3:07 | Queue | Villager (Male) |
| 3:49 | Queue | Villager (Male) |
| 3:49 | Queue | Villager (Male) |
| 3:52 | Build | House |
| 3:53 | Build | House |
| 3:54 | Build | House |
| 4:15 | Queue | Villager (Male) |
| 5:01 | Queue | Villager (Male) |
| 5:09 | Build | Mill |
| 5:15 | Queue | Villager (Male) |
| 5:25 | Queue | Villager (Male) |
| 6:04 | Queue | Villager (Male) |
| 6:04 | Queue | Villager (Male) |
| 6:22 | Queue | Villager (Male) |
| 6:33 | Queue | Villager (Male) |
| 6:33 | Research | Loom |
| 6:38 | Build | Farm |
| 6:41 | Build | Farm |
| 6:50 | Queue | Villager (Male) |
| 7:20 | Queue | Villager (Male) |
| 7:42 | Build | Mining Camp |
| 7:49 | Queue | Villager (Male) |
| 8:09 | Queue | Villager (Male) |
| 8:47 | Research | Feudal Age |
| 9:13 | Build | Mining Camp |
| 9:39 | Queue | Villager (Male) |
| 9:39 | Queue | Villager (Male) |
| 11:24 | Age | Feudal Age |
| 11:26 | Build | Market |
| 11:28 | Build | Blacksmith |
| 12:16 | Research | Castle Age |
| 12:17 | Research | Castle Age |
| 12:43 | Build | House |
| 13:02 | Research | Double-Bit Axe |
| 13:45 | Research | Loom |
| 14:20 | Research | Horse Collar |
| 14:43 | Build | House |
| 14:56 | Age | Castle Age |
| 14:59 | Build | Castle |
| 15:03 | Research | Bow Saw |
| 15:06 | Queue | Villager (Male) |
| 15:10 | Build | Farm |
| 15:11 | Build | Farm |
| 15:14 | Queue | Villager (Male) |
| 15:35 | Queue | Villager (Male) |
| 15:58 | Build | Monastery |
| 16:18 | Build | Farm |
| 16:20 | Queue | Villager (Male) |
| 16:38 | Queue | Hussite Wagon |
| 16:38 | Queue | Hussite Wagon |
| 16:40 | Queue | Villager (Male) |
| 16:55 | Queue | Monk |
| 17:05 | Build | Outpost |
| 17:14 | Queue | Hussite Wagon |
| 17:26 | Queue | Villager (Male) |
| 17:39 | Queue | Villager (Male) |
| 17:43 | Queue | Petard |
| 17:48 | Build | Farm |
| 18:00 | Queue | Villager (Male) |
| 18:07 | Queue | Petard |
| 18:23 | Build | Town Center |
| 18:36 | Queue | Villager (Male) |
| 18:41 | Build | Outpost |
| 18:46 | Queue | Hussite Wagon |
| 18:52 | Queue | Villager (Male) |
| 19:02 | Queue | Monk |
| 19:03 | Research | Sanctity |
| 19:11 | Queue | Hussite Wagon |
| 19:32 | Queue | Villager (Male) |
| 19:34 | Build | Farm |
| 19:40 | Build | House |
| 19:41 | Build | House |
| 19:41 | Build | House |
| 19:52 | Queue | Villager (Male) |
| 19:52 | Queue | Villager (Male) |
| 19:52 | Queue | Villager (Male) |
| 19:57 | Queue | Hussite Wagon |
| 20:13 | Queue | Villager (Male) |
| 20:13 | Queue | Villager (Male) |
| 20:15 | Queue | Hussite Wagon |
| 20:38 | Build | Town Center |
| 20:40 | Queue | Villager (Male) |
| 21:00 | Build | Farm |
| 21:02 | Build | Farm |
| 21:04 | Build | Farm |
| 21:07 | Build | Farm |
| 21:08 | Build | Farm |
| 21:13 | Queue | Villager (Male) |
| 21:13 | Queue | Villager (Male) |
| 21:23 | Queue | Villager (Male) |
| 21:23 | Queue | Villager (Male) |
| 21:24 | Queue | Hussite Wagon |
| 21:35 | Build | Outpost |
| 21:37 | Build | Outpost |
| 21:40 | Queue | Villager (Male) |
| 21:40 | Queue | Villager (Male) |
| 21:53 | Queue | Hussite Wagon |
| 22:03 | Queue | Villager (Male) |
| 22:03 | Queue | Villager (Male) |
| 22:12 | Build | House |
| 22:17 | Queue | Villager (Male) |
| 22:20 | Build | Farm |
| 22:20 | Build | Farm |
| 22:20 | Build | Farm |
| 22:21 | Build | Farm |
| 22:25 | Build | Farm |
| 22:32 | Queue | Petard |
| 22:36 | Queue | Villager (Male) |
| 22:37 | Queue | Villager (Male) |
| 22:45 | Build | Siege Workshop |
| 22:49 | Queue | Hussite Wagon |
| 22:52 | Build | Outpost |
| 22:54 | Queue | Villager (Male) |
| 22:54 | Queue | Villager (Male) |
| 23:10 | Queue | Villager (Male) |
| 23:16 | Queue | Villager (Male) |
| 23:16 | Queue | Villager (Male) |
| 23:20 | Queue | Petard |
| 23:23 | Build | Farm |
| 23:24 | Build | Farm |
| 23:30 | Build | House |
| 23:31 | Build | House |
| 23:32 | Research | Town Watch |
| 23:54 | Queue | Villager (Male) |
| 23:55 | Queue | Villager (Male) |
| 23:55 | Queue | Villager (Male) |
| 23:57 | Queue | Hussite Wagon |
| 23:57 | Queue | Hussite Wagon |
| 24:12 | Queue | Villager (Male) |
| 24:12 | Queue | Villager (Male) |
| 24:16 | Build | Siege Workshop |
| 24:19 | Queue | Villager (Male) |
| 24:19 | Queue | Villager (Male) |
| 24:22 | Build | Farm |
| 24:24 | Build | Farm |
| 24:25 | Build | Farm |
| 24:43 | Build | Mining Camp |
| 24:52 | Queue | Villager (Male) |
Build order — Exellence
First 150 of 535 actions detected
| 0:02 | Queue | Villager (Male) |
| 0:02 | Queue | Villager (Male) |
| 0:03 | Build | House |
| 0:04 | Build | House |
| 0:06 | Queue | Villager (Male) |
| 0:08 | Queue | Villager (Male) |
| 1:27 | Queue | Villager (Male) |
| 1:27 | Queue | Villager (Male) |
| 1:27 | Queue | Villager (Male) |
| 1:54 | Queue | Villager (Male) |
| 1:54 | Queue | Villager (Male) |
| 2:15 | Build | House |
| 2:19 | Build | House |
| 2:23 | Queue | Villager (Male) |
| 2:23 | Queue | Villager (Male) |
| 2:29 | Queue | Villager (Male) |
| 2:29 | Queue | Villager (Male) |
| 2:41 | Build | House |
| 3:08 | Research | Loom |
| 3:09 | Research | Loom |
| 3:24 | Queue | Villager (Male) |
| 3:25 | Queue | Villager (Male) |
| 3:54 | Queue | Villager (Male) |
| 3:54 | Queue | Villager (Male) |
| 4:04 | Queue | Villager (Male) |
| 4:04 | Queue | Villager (Male) |
| 4:04 | Queue | Villager (Male) |
| 4:06 | Queue | Villager (Male) |
| 4:06 | Queue | Villager (Male) |
| 4:15 | Build | Mill |
| 4:16 | Queue | Villager (Male) |
| 4:17 | Queue | Villager (Male) |
| 4:48 | Queue | Villager (Male) |
| 4:48 | Queue | Villager (Male) |
| 6:04 | Queue | Villager (Male) |
| 6:34 | Build | Lumber Camp |
| 6:49 | Queue | Villager (Male) |
| 6:49 | Queue | Villager (Male) |
| 7:02 | Queue | Villager (Male) |
| 7:27 | Build | Mill |
| 8:02 | Queue | Villager (Male) |
| 8:20 | Build | House |
| 8:21 | Build | House |
| 8:24 | Build | House |
| 8:30 | Queue | Villager (Male) |
| 8:30 | Queue | Villager (Male) |
| 9:21 | Build | Mining Camp |
| 9:30 | Queue | Villager (Male) |
| 9:56 | Research | Feudal Age |
| 9:57 | Research | Feudal Age |
| 9:57 | Research | Feudal Age |
| 10:38 | Build | Farm |
| 10:40 | Build | Farm |
| 10:41 | Build | Farm |
| 10:42 | Build | Farm |
| 11:55 | Queue | Villager (Male) |
| 11:55 | Queue | Villager (Male) |
| 11:55 | Queue | Villager (Male) |
| 12:10 | Build | Barracks |
| 12:12 | Age | Feudal Age |
| 12:16 | Build | Blacksmith |
| 12:18 | Research | Double-Bit Axe |
| 12:29 | Research | Gold Mining |
| 12:42 | Build | House |
| 12:43 | Build | House |
| 12:51 | Queue | Villager (Male) |
| 13:06 | Research | Forging |
| 13:09 | Research | Scale Mail Armor |
| 13:12 | Research | Man-at-Arms (upgrade) |
| 13:13 | Queue | Villager (Male) |
| 13:14 | Queue | Militia |
| 13:14 | Queue | Militia |
| 13:41 | Build | Siege Workshop |
| 13:45 | Queue | Villager (Male) |
| 13:48 | Queue | Militia |
| 13:52 | Queue | Villager (Male) |
| 14:23 | Queue | Battering Ram |
| 14:23 | Queue | Battering Ram |
| 14:31 | Queue | Battering Ram |
| 14:32 | Queue | Battering Ram |
| 14:45 | Queue | Militia |
| 14:45 | Queue | Militia |
| 14:45 | Queue | Militia |
| 14:45 | Queue | Militia |
| 14:46 | Queue | Militia |
| 14:55 | Queue | Battering Ram |
| 14:56 | Queue | Battering Ram |
| 15:05 | Queue | Villager (Male) |
| 15:08 | Queue | Villager (Male) |
| 15:14 | Build | Farm |
| 15:20 | Build | Farm |
| 15:40 | Queue | Battering Ram |
| 15:44 | Queue | Militia |
| 15:44 | Queue | Militia |
| 15:44 | Queue | Militia |
| 15:52 | Build | Farm |
| 15:58 | Build | Farm |
| 15:59 | Queue | Villager (Male) |
| 15:59 | Queue | Villager (Male) |
| 15:59 | Queue | Villager (Male) |
| 16:11 | Build | Farm |
| 16:18 | Build | Farm |
| 16:30 | Queue | Villager (Male) |
| 16:32 | Build | House |
| 16:34 | Build | House |
| 16:37 | Build | House |
| 16:47 | Queue | Battering Ram |
| 16:47 | Queue | Battering Ram |
| 16:55 | Queue | Militia |
| 16:56 | Queue | Militia |
| 17:16 | Queue | Villager (Male) |
| 17:18 | Queue | Battering Ram |
| 17:28 | Build | Lumber Camp |
| 17:31 | Build | House |
| 17:32 | Build | House |
| 17:32 | Build | House |
| 17:38 | Queue | Villager (Male) |
| 17:59 | Queue | Battering Ram |
| 18:05 | Queue | Villager (Male) |
| 18:05 | Queue | Villager (Male) |
| 18:11 | Queue | Villager (Male) |
| 18:11 | Queue | Villager (Male) |
| 18:20 | Queue | Battering Ram |
| 18:23 | Queue | Militia |
| 18:24 | Queue | Militia |
| 18:24 | Queue | Militia |
| 18:43 | Queue | Villager (Male) |
| 18:45 | Build | Farm |
| 19:02 | Queue | Villager (Male) |
| 19:02 | Queue | Villager (Male) |
| 19:04 | Queue | Battering Ram |
| 19:04 | Queue | Battering Ram |
| 20:33 | Queue | Battering Ram |
| 20:33 | Queue | Battering Ram |
| 20:35 | Queue | Villager (Male) |
| 20:35 | Queue | Villager (Male) |
| 20:35 | Queue | Villager (Male) |
| 20:40 | Build | Town Center |
| 21:16 | Research | Wheelbarrow |
| 21:16 | Research | Wheelbarrow |
| 21:20 | Research | Horse Collar |
| 21:26 | Build | Mill |
| 21:28 | Build | Farm |
| 21:28 | Build | Farm |
| 21:28 | Build | Farm |
| 21:28 | Build | Farm |
| 21:29 | Build | Farm |
| 21:29 | Build | Farm |
| 21:29 | Build | Farm |
| 21:29 | Build | Farm |
Build order — Relief
First 150 of 458 actions detected
| 0:01 | Queue | Villager (Male) |
| 0:01 | Queue | Villager (Male) |
| 0:03 | Build | House |
| 0:05 | Build | House |
| 0:27 | Queue | Villager (Male) |
| 0:27 | Queue | Villager (Male) |
| 1:26 | Queue | Villager (Male) |
| 1:58 | Build | Lumber Camp |
| 2:00 | Queue | Villager (Male) |
| 2:27 | Queue | Villager (Male) |
| 2:53 | Queue | Villager (Male) |
| 3:05 | Queue | Villager (Male) |
| 3:33 | Queue | Villager (Male) |
| 3:54 | Queue | Villager (Male) |
| 3:58 | Build | Mill |
| 4:16 | Build | House |
| 4:20 | Research | Loom |
| 4:20 | Queue | Villager (Male) |
| 4:35 | Build | House |
| 4:56 | Queue | Villager (Male) |
| 5:06 | Queue | Villager (Male) |
| 5:57 | Queue | Villager (Male) |
| 6:18 | Build | Farm |
| 6:19 | Queue | Villager (Male) |
| 6:29 | Build | Farm |
| 6:33 | Queue | Villager (Male) |
| 6:40 | Build | Farm |
| 6:41 | Queue | Villager (Male) |
| 7:37 | Build | House |
| 7:46 | Queue | Villager (Male) |
| 8:03 | Build | Mining Camp |
| 8:06 | Queue | Villager (Male) |
| 8:06 | Queue | Villager (Male) |
| 8:06 | Queue | Villager (Male) |
| 8:49 | Research | Feudal Age |
| 9:02 | Build | Mining Camp |
| 9:29 | Build | Mill |
| 9:42 | Queue | Villager (Male) |
| 9:42 | Queue | Villager (Male) |
| 11:46 | Age | Feudal Age |
| 11:51 | Build | Blacksmith |
| 11:57 | Build | Market |
| 12:04 | Build | Market |
| 12:50 | Research | Castle Age |
| 12:53 | Build | House |
| 13:41 | Research | Double-Bit Axe |
| 13:44 | Research | Horse Collar |
| 15:00 | Queue | Villager (Male) |
| 15:00 | Queue | Villager (Male) |
| 15:30 | Age | Castle Age |
| 15:38 | Build | Monastery |
| 16:01 | Build | Town Center |
| 16:08 | Queue | Villager (Male) |
| 16:17 | Build | Castle |
| 16:23 | Queue | Monk |
| 16:34 | Queue | Villager (Male) |
| 16:48 | Queue | Villager (Male) |
| 17:11 | Build | Town Center |
| 17:14 | Queue | Villager (Male) |
| 17:25 | Build | Farm |
| 17:29 | Build | Farm |
| 17:33 | Queue | Villager (Male) |
| 17:33 | Queue | Villager (Male) |
| 17:58 | Build | Farm |
| 18:00 | Queue | Villager (Male) |
| 18:10 | Queue | Urumi Swordsman |
| 18:11 | Queue | Urumi Swordsman |
| 18:46 | Queue | Villager (Male) |
| 18:46 | Queue | Villager (Male) |
| 18:49 | Build | Farm |
| 18:54 | Build | Farm |
| 18:59 | Build | Farm |
| 19:17 | Queue | Urumi Swordsman |
| 19:18 | Queue | Urumi Swordsman |
| 19:27 | Build | Farm |
| 19:29 | Queue | Villager (Male) |
| 19:34 | Build | Farm |
| 19:37 | Build | Farm |
| 19:42 | Build | Farm |
| 19:44 | Queue | Villager (Male) |
| 19:55 | Queue | Urumi Swordsman |
| 19:55 | Queue | Urumi Swordsman |
| 20:13 | Build | Farm |
| 20:14 | Queue | Villager (Male) |
| 20:14 | Queue | Villager (Male) |
| 21:02 | Queue | Urumi Swordsman |
| 21:02 | Queue | Urumi Swordsman |
| 21:21 | Queue | Urumi Swordsman |
| 21:22 | Queue | Urumi Swordsman |
| 21:22 | Queue | Urumi Swordsman |
| 21:39 | Build | Farm |
| 21:44 | Build | Farm |
| 21:47 | Build | Farm |
| 21:51 | Build | Farm |
| 21:53 | Build | Farm |
| 21:54 | Queue | Villager (Male) |
| 21:54 | Queue | Villager (Male) |
| 21:55 | Queue | Villager (Male) |
| 21:55 | Queue | Villager (Male) |
| 22:14 | Queue | Villager (Male) |
| 22:17 | Queue | Villager (Male) |
| 22:23 | Build | Farm |
| 22:30 | Build | Farm |
| 22:36 | Research | Bow Saw |
| 22:37 | Queue | Villager (Male) |
| 22:37 | Queue | Villager (Male) |
| 22:42 | Build | Farm |
| 22:55 | Build | House |
| 23:00 | Build | Farm |
| 23:03 | Queue | Villager (Male) |
| 23:12 | Build | Lumber Camp |
| 23:14 | Queue | Villager (Male) |
| 23:14 | Queue | Villager (Male) |
| 23:24 | Build | Farm |
| 23:26 | Queue | Villager (Male) |
| 23:26 | Queue | Villager (Male) |
| 23:27 | Queue | Villager (Male) |
| 23:46 | Queue | Villager (Male) |
| 23:46 | Queue | Villager (Male) |
| 23:53 | Build | Farm |
| 23:57 | Build | House |
| 23:59 | Build | House |
| 24:00 | Build | House |
| 24:02 | Research | Heavy Plow |
| 24:06 | Queue | Villager (Male) |
| 24:08 | Queue | Villager (Male) |
| 24:20 | Build | Farm |
| 24:22 | Build | Farm |
| 24:24 | Queue | Villager (Male) |
| 24:24 | Queue | Villager (Male) |
| 24:29 | Queue | Villager (Male) |
| 24:52 | Queue | Villager (Male) |
| 24:52 | Queue | Villager (Male) |
| 25:01 | Queue | Villager (Male) |
| 25:10 | Build | Farm |
| 25:12 | Queue | Villager (Male) |
| 25:12 | Queue | Villager (Male) |
| 25:19 | Research | Wheelbarrow |
| 25:22 | Build | House |
| 25:23 | Build | House |
| 25:24 | Build | House |
| 25:36 | Build | Farm |
| 25:40 | Build | Farm |
| 25:41 | Queue | Villager (Male) |
| 25:42 | Queue | Villager (Male) |
| 26:05 | Build | Farm |
| 26:07 | Queue | Villager (Male) |
| 26:07 | Queue | Villager (Male) |
| 26:07 | Queue | Villager (Male) |
| 26:20 | Build | Mill |
Match timeline
| 8:24 | PJtheDcoy · first_building Barracks |
| 9:25 | Fr4ggi · first_building Barracks |
| 10:56 | PJtheDcoy · age_up feudal |
| 10:57 | MCLovin · age_up feudal |
| 10:58 | PJtheDcoy · first_building Archery Range |
| 11:10 | Fr4ggi · age_up feudal |
| 11:16 | BP | Juego Con Lag · age_up feudal |
| 11:18 | El Chico De Las Poesías · age_up feudal |
| 11:20 | Fr4ggi · first_building Stable |
| 11:24 | Quando · age_up feudal |
| 11:46 | Relief · age_up feudal |
| 12:10 | Exellence · first_building Barracks |
| 12:12 | Exellence · age_up feudal |
| 13:41 | Exellence · first_building Siege Workshop |
| 13:47 | MCLovin · age_up castle |
| 14:50 | MCLovin · first_building Castle |
| 14:56 | Quando · age_up castle |
| 14:59 | Quando · first_building Castle |
| 15:13 | El Chico De Las Poesías · age_up castle |
| 15:30 | Relief · age_up castle |
| 15:36 | BP | Juego Con Lag · age_up castle |
| 15:38 | Relief · first_building Monastery |
| 15:50 | BP | Juego Con Lag · first_market_buy 100 wood |
| 15:58 | Quando · first_building Monastery |
| 16:01 | MCLovin · first_building Siege Workshop |
| 16:17 | Relief · first_building Castle |
| 16:20 | Fr4ggi · age_up castle |
| 17:05 | MCLovin · wall_segment Stone Wall x7 |
| 17:07 | MCLovin · wall_segment Stone Wall x1 |
| 17:10 | MCLovin · wall_segment Stone Wall x1 |
| 17:12 | MCLovin · wall_segment Stone Wall x1 |
| 17:14 | PJtheDcoy · age_up castle |
| 17:16 | MCLovin · wall_segment Stone Wall x7 |
| 17:47 | El Chico De Las Poesías · first_market_buy 100 food |
| 17:54 | PJtheDcoy · first_building Siege Workshop |
| 18:07 | BP | Juego Con Lag · first_building Monastery |
| 18:32 | MCLovin · first_market_buy 100 food |
| 19:21 | MCLovin · wall_segment Stone Wall x1 |
| 19:21 | MCLovin · wall_segment Stone Wall x1 |
| 19:22 | MCLovin · wall_segment Stone Wall x1 |
| 20:34 | PJtheDcoy · wall_segment Stone Wall x6 |
| 21:06 | BP | Juego Con Lag · first_building Siege Workshop |
| 21:47 | El Chico De Las Poesías · first_building Barracks |
| 22:27 | MCLovin · first_market_sell 100 stone |
| 22:36 | Quando · first_market_buy 100 food |
| 22:45 | Quando · first_building Siege Workshop |
| 23:21 | PJtheDcoy · first_building Castle |
| 23:59 | BP | Juego Con Lag · wall_segment Palisade Wall x1 |
| 24:35 | BP | Juego Con Lag · first_building Barracks |
| 25:02 | BP | Juego Con Lag · first_building Castle |
| 25:31 | El Chico De Las Poesías · first_building Archery Range |
| 25:48 | BP | Juego Con Lag · first_building Stable |
| 26:17 | MCLovin · age_up imperial |
| 26:51 | El Chico De Las Poesías · first_building Monastery |
| 27:00 | Fr4ggi · first_building Siege Workshop |
| 27:11 | Relief · first_building Barracks |
| 27:27 | El Chico De Las Poesías · first_building Castle |
| 27:49 | El Chico De Las Poesías · first_building Stable |
| 28:17 | Quando · wall_segment Stone Wall x11 |
| 28:24 | Exellence · age_up castle |
| 28:43 | Relief · first_building Archery Range |
| 29:04 | El Chico De Las Poesías · first_market_sell 100 food |
| 29:16 | BP | Juego Con Lag · age_up imperial |
| 30:30 | Quando · first_market_sell 100 wood |
| 30:31 | El Chico De Las Poesías · age_up imperial |
| 31:05 | Relief · age_up imperial |
| 31:17 | BP | Juego Con Lag · first_market_sell 100 stone |
| 32:17 | Quando · age_up imperial |
| 32:20 | Fr4ggi · age_up imperial |
| 33:02 | El Chico De Las Poesías · first_building Siege Workshop |
| 35:09 | Quando · first_building Barracks |
| 35:44 | MCLovin · wall_segment Palisade Wall x1 |
| 37:23 | Relief · first_market_sell 100 food |
| 37:34 | El Chico De Las Poesías · wall_segment Stone Wall x8 |
| 37:35 | El Chico De Las Poesías · wall_segment Stone Wall x7 |
| 39:27 | PJtheDcoy · wall_segment Stone Wall x3 |
| 40:23 | El Chico De Las Poesías · tribute_sent a jugador 1 |
| 40:23 | El Chico De Las Poesías · tribute_sent a jugador 2 |
| 40:23 | El Chico De Las Poesías · tribute_sent a jugador 4 |
| 40:23 | El Chico De Las Poesías · tribute_sent a jugador 5 |
| 40:23 | El Chico De Las Poesías · tribute_sent a jugador 6 |
| 40:23 | El Chico De Las Poesías · tribute_sent a jugador 7 |
| 40:23 | El Chico De Las Poesías · tribute_sent a jugador 8 |
| 43:32 | PJtheDcoy · age_up imperial |
| 43:40 | Exellence · first_building Monastery |
| 45:02 | Quando · wall_segment Stone Wall x1 |
| 45:04 | Quando · wall_segment Stone Wall x7 |
| 45:26 | Fr4ggi · tribute_sent a jugador 1 |
| 45:26 | Fr4ggi · tribute_sent a jugador 2 |
| 45:26 | Fr4ggi · tribute_sent a jugador 3 |
| 45:26 | Fr4ggi · tribute_sent a jugador 5 |
| 45:26 | Fr4ggi · tribute_sent a jugador 6 |
| 45:26 | Fr4ggi · tribute_sent a jugador 7 |
| 45:26 | Fr4ggi · tribute_sent a jugador 8 |
| 46:20 | BP | Juego Con Lag · first_building Archery Range |
| 46:55 | Quando · wall_segment Stone Wall x5 |
| 47:24 | Exellence · age_up imperial |
| 47:27 | Fr4ggi · tribute_sent a jugador 1 |
| 47:27 | Fr4ggi · tribute_sent a jugador 2 |
| 47:27 | Fr4ggi · tribute_sent a jugador 3 |
| 47:27 | Fr4ggi · tribute_sent a jugador 5 |
| 47:27 | Fr4ggi · tribute_sent a jugador 6 |
| 47:27 | Fr4ggi · tribute_sent a jugador 7 |
| 47:27 | Fr4ggi · tribute_sent a jugador 8 |
| 47:59 | PJtheDcoy · wall_segment Stone Wall x1 |
| 48:37 | Fr4ggi · first_building Castle |
| 49:28 | Fr4ggi · first_market_sell 500 wood |
| 50:35 | PJtheDcoy · wall_segment Stone Wall x5 |
| 51:07 | PJtheDcoy · first_building Stable |
| 51:18 | BP | Juego Con Lag · resign |
[ AI ANALYSIS · 1 CREDIT ]
What really happened in this match?
Wolo.gg analyzes every decision: build order, eco, micro, common mistakes by bracket. Personalized analysis on WhatsApp or Discord in 30 seconds.
Civ guide
Persians
Perfil
Jugador #6051949